 Dungeon Crawl Stone Soup version 0.22-a0-348-gd16d1391c7 (webtiles) character file.

18076 Laan the Cleaver (level 12, -4/75 HPs)
             Began as a Gargoyle Berserker on Apr 11, 2018.
             Was a High Priest of Trog.
             Killed from afar by a fire giant (15 damage)
             ... with a fireball
             ... on level 2 of the Lair of Beasts.
             The game lasted 00:26:03 (9765 turns).

Laan the Cleaver (Gargoyle Berserker)               Turns: 9765, Time: 00:26:04

Health: -4/75      AC: 29    Str: 28    XL:     12   Next: 54%
Magic:  0/12       EV:  8    Int: 10    God:    Trog [*****.]
Gold:   69         SH:  5    Dex:  9    Spells: 11/11 levels left

rFire    . . .     SeeInvis +   m - +5 war axe
rCold    + + +     Gourm    .   k - +0 buckler
rNeg     + . .     Faith    .   t - +0 plate armour
rPois    ∞         Spirit   +   i - +2 helmet
rElec    +         Reflect  .   Q - scarf {rC+ rF+}
rCorr    .         Harm     .   (no gloves)
MR       .....                  S - +2 pair of boots {run}
Stlth    ..........             z - amulet of guardian spirit
HPRegen  0.22/turn              u - ring "Anuix" {rPois rF- rC+++ Str+4 Slay+2}
MPRegen  0.13/turn              C - ring of see invisible

@: quick
A: negative energy resistance 1, electricity resistance, unbreathing,
petrification resistance, rot immunity, AC +8
a: Berserk, Trog's Hand, Brothers in Arms, Renounce Religion


You were on level 2 of the Lair of Beasts.
You worshipped Trog.
Trog was extremely pleased with you.
You were hungry.

You visited 2 branches of the dungeon, and saw 11 of its levels.
You also visited: Labyrinth.

You collected 650 gold pieces.
You spent 581 gold pieces at shops.

Inventory:

Hand Weapons
 m - a +5 war axe (weapon)
 x - the +8 shortbow "Okygozus" {flame, rC+ Dex+7, unknown}
   (You found it on level 4 of the Dungeon)

   It causes projectiles fired from it to burn those they strike, causing extra
   injury to most foes and up to half again as much damage against particularly
   susceptible opponents.
   It affects your dexterity (+7).
   It protects you from cold.
Missiles
 F - 5 poisoned javelins (quivered)
 O - 18 javelins
 R - 5 steel javelins
Armour
 i - a +2 helmet (worn)
 k - a +0 buckler (worn)
 t - a +0 plate armour (worn)
 Q - a scarf of resistance (worn)
 S - a +2 pair of boots of running (worn)
Jewellery
 h - an uncursed ring of magical power
 u - the ring "Anuix" (left hand) {rPois rF- rC+++ Str+4 Slay+2}
   (You found it on level 5 of the Dungeon)

   [ring of strength]

   It affects your strength (+4).
   It affects your accuracy and damage with ranged weapons and melee attacks
   (+2).
   It makes you vulnerable to fire.
   It renders you almost immune to cold.
   It protects you from poison.
 z - an amulet of guardian spirit (around neck)
 C - a ring of see invisible (right hand)
 D - an uncursed ring of positive energy
Wands
 a - a wand of scattershot (5)
 l - a wand of polymorph (22)
 A - a wand of paralysis (9)
 E - a wand of enslavement (11)
 H - a wand of disintegration (5)
 I - a wand of acid (1)
 J - a wand of flame (73)
 P - a wand of iceblast (5)
Scrolls
 d - 2 scrolls of blinking {unknown}
 e - 5 scrolls of remove curse
 f - 5 scrolls of teleportation
 g - 3 scrolls of immolation
 r - 6 scrolls of identify
 s - 2 scrolls of amnesia {unknown}
 v - 4 scrolls of noise {unknown}
 w - a scroll of summoning {unknown}
 y - 5 scrolls of enchant weapon {unknown}
 G - 2 scrolls of enchant armour {unknown}
 K - 2 scrolls of random uselessness {unknown}
 M - 3 scrolls of vulnerability {unknown}
 N - a scroll of magic mapping {unknown}
Potions
 b - a potion of haste
 j - 3 potions of brilliance {unknown}
 n - 2 potions of heal wounds {unknown}
 p - a potion of cancellation
 q - 3 potions of might
 B - a potion of magic {unknown}
 L - 4 potions of mutation {unknown}
 T - a potion of curing
Comestibles
 c - 22 rations
 o - 7 chunks of flesh


   Skills:
 + Level 8.9 Fighting
 + Level 14.1 Axes
 + Level 8.5 Armour
 - Level 1.5 Dodging
 + Level 8.2 Shields


You had 11 spell levels left.
You didn't know any spells.

Dungeon Overview and Level Annotations

Branches:
Dungeon (9/15)             Temple (0/1) D:6            Lair (2/6) D:9
 Shoals (0/4) Lair:2          Orc (0/2) D:9
  Snake: Lair:2-4    Spider: Lair:2-4

Altars:
Ashenzari
Cheibriados
Dithmenos
Fedhas
Gozag
Kikubaaqudgha
Nemelex Xobeh
Okawaru
Qazlal
Ru
Uskayaw
Xom

Shops:
D:9 [


Innate Abilities, Weirdness & Mutations

You are resistant to torment.
Your stone body is resilient. (AC +8)
You are immune to poison.
You resist negative energy. (rN+)
You are resistant to electric shocks. (rElec)
You can survive without breathing.
You are immune to petrification.
You are immune to rotting.


Message History

You block the eight-headed hydra's attack.
The eight-headed hydra bites you!
* * * LOW HITPOINT WARNING * * *
The eight-headed hydra closely misses you.
The eight-headed hydra barely misses you.
You block the eight-headed hydra's attack.
The eight-headed hydra bites you but does no damage.
The eight-headed hydra bites you.
* * * LOW HITPOINT WARNING * * *
Your skin stops crawling.
You feel less resistant to hostile enchantments.
You see here a crocodile skeleton.
Evoke which item? (* to show all) (? for menu, Esc to quit)
Aiming: Polymorph
Press: ? - help, Shift-Dir - straight line, f/p - eight-headed hydra
Aim: an eight-headed hydra (heavily wounded, chance to defeat MR: 15%)
The eight-headed hydra evaporates and reforms as a fire giant!
The fire giant points at you and mumbles some strange words.
The fireball explodes!
The fireball engulfs you!
You die...

#P(..##....## #....# #(.......
##...###....## #...# #........
#...# #...#.###...# ##........
#..†###....##P#...### #P........
##...P..............P#
##......†.
#...................##
#P........ #P..........C......##
##....##P# #P..........P..#...P#
#.....#### #..:.##....####.@>.##
#....## .....#.#...# #....#
##....# .....##....# ##...##
##...## ..#####....# #....#
#P...# #≈..# #....## #...##
##...# #.≈.####....# #...#
#....# # ##≈..###...##
#...#####....# #
#≈≈.##....#####....#.#.....#####
##≈#.#..........................


You could see a fire giant.

Vanquished Creatures
  A minotaur (Lab)
  A hydra (Lair:2)
  Erica (D:9)
  2 two-headed ogres (D:9)
  5 death yaks (D:8)
  Joseph (Lair:1)
  2 black mambas
  A spiny frog (Lair:1)
  2 komodo dragons (Lair:1)
  3 merfolk (Lair:2)
  A polar bear (Lair:2)
  3 hippogriffs
  A wyvern (Lair:1)
  12 yaks
  A vampire (D:9)
  3 hogs (D:7)
  A human (D:7)
  A hungry ghost (D:8)
  A naga (D:4)
  2 water moccasins
  2 porcupines (Lair:1)
  2 orc warriors
  2 black bears (D:8)
  3 phantoms
  4 ice beasts
  4 sky beasts
  10 wolves (Lair:1)
  4 ogres
  5 centaurs
  3 crocodiles
  A big kobold (D:9)
  4 bullfrogs
  7 wights
  2 howler monkeys (D:7)
  4 crimson imps
  4 hounds
  6 orc wizards
  A jelly (D:6)
  Crazy Yiuf (D:2)
  8 orc priests
  6 worker ants
  3 iguanas
  A killer bee zombie (D:9)
  A hound zombie (D:6)
  4 gnolls (D:8)
  A howler monkey skeleton (D:4)
  9 adders
  A shadow imp (D:6)
  2 oozes
  2 adder skeletons
  An adder zombie (D:5)
  2 worms (D:3)
  2 dart slugs
  4 leopard geckos
  30 orcs
  7 bats
  7 giant cockroaches
  9 goblins
  6 hobgoblins
  7 jackals
  4 quokkas
  2 ball pythons
  5 frilled lizards
  13 kobolds
  6 rats
  2 fungi
259 creatures vanquished.

Notes
Turn   | Place    | Note
-------+----------+-------------------------------------------
     0 | D:1      | Laan the Gargoyle Berserker began the quest for the Orb.
     0 | D:1      | Reached XP level 1. HP: 14/14 MP: 1/1
    65 | D:1      | Reached skill level 3 in Axes
    69 | D:1      | Reached XP level 2. HP: 19/19 MP: 2/2
   444 | D:1      | Reached XP level 3. HP: 22/23 MP: 3/3
   456 | D:1      | Reached ** piety under Trog
   799 | D:2      | Reached skill level 4 in Axes
   826 | D:2      | Reached XP level 4. HP: 26/28 MP: 4/4
   993 | D:2      | Found a shattered altar of Ashenzari.
   997 | D:2      | Saw a vision of the Shoals and the Spider Nest.
   997 | D:2      | Noticed a redback
   997 | D:2      | Noticed a redback
   997 | D:2      | Noticed a hippogriff
   997 | D:2      | Noticed a merfolk
   997 | D:2      | Noticed a redback
   997 | D:2      | Noticed a sea snake
   998 | D:2      | Noticed a hippogriff
   998 | D:2      | Noticed a hornet
   999 | D:2      | Noticed a merfolk siren
   999 | D:2      | Noticed a redback
  1136 | D:2      | Found a sparkling altar of Nemelex Xobeh.
  1253 | D:2      | Found a runed door.
  1257 | D:2      | Noticed Crazy Yiuf
  1261 | D:2      | Killed Crazy Yiuf
  1261 | D:2      | Reached skill level 5 in Axes
  1261 | D:2      | Reached XP level 5. HP: 32/32 MP: 5/5
  2503 | D:4      | Reached skill level 6 in Axes
  2503 | D:4      | Reached XP level 6. HP: 34/37 MP: 6/6
  2592 | D:4      | Found a shadowy altar of Dithmenos.
  2598 | D:4      | Found a hide-covered altar of Uskayaw.
  2616 | D:4      | Reached *** piety under Trog
  2796 | D:4      | Found a sacrificial altar of Ru.
  2844 | D:4      | Reached skill level 7 in Axes
  2844 | D:4      | Reached XP level 7. HP: 41/41 MP: 7/7
  2867 | D:4      | Noticed a naga
  2867 | D:4      | an ogre changed into a naga
  2876 | D:4      | Killed a naga
  2989 | D:4      | Got a dazzling shortbow
  3387 | D:5      | Entered Level 5 of the Dungeon
  3402 | D:5      | Got a slimy silver ring
  3412 | D:5      | Identified the ring "Anuix" {rPois rF- rC+++ Str+4 Slay+2} (You found it on level 5 of the Dungeon)
  3424 | D:5      | Found an iron altar of Okawaru.
  3526 | D:5      | HP: 1/41 [ogre/giant club (23)]
  3527 | D:5      | Reached skill level 8 in Axes
  3901 | D:5      | Found a shimmering altar of Xom.
  3901 | D:5      | Found a shimmering altar of Xom.
  3903 | D:5      | Found a shimmering altar of Xom.
  3932 | D:5      | You fall through a shaft for 2 floors!
  4056 | D:6      | Found a snail-covered altar of Cheibriados.
  4059 | D:6      | You fall through a shaft for 3 floors!
  4061 | D:9      | Reached XP level 8. HP: 46/46 MP: 8/8
  4062 | D:9      | Noticed a death yak
  4076 | D:9      | Noticed a death yak
  4076 | D:9      | Noticed a death yak
  4077 | D:9      | Noticed a death yak
  4078 | D:9      | Noticed a death yak
  4079 | D:9      | Found a staircase to the Lair.
  4081 | D:9      | Noticed a vampire
  4121 | D:8      | Reached skill level 9 in Axes
  4279 | D:8      | Reached skill level 10 in Axes
  4285 | D:8      | Reached **** piety under Trog
  4329 | D:7      | Found an ancient bone altar of Kikubaaqudgha.
  4380 | D:7      | Noticed a yak
  4384 | D:7      | Reached XP level 9. HP: 51/51 MP: 9/9
  4388 | D:7      | Reached skill level 11 in Axes
  4636 | D:6      | Found an opulent altar of Gozag.
  4673 | D:6      | Received a gift from Trog
  4685 | D:6      | Reached skill level 12 in Axes
  4763 | D:6      | Found a staircase to the Ecumenical Temple.
  4955 | D:5      | Found a stormy altar of Qazlal.
  5098 | D:6      | Reached XP level 10. HP: 46/56 MP: 2/10
  5368 | D:7      | Reached skill level 1 in Shields
  5868 | D:8      | Reached ***** piety under Trog
  6072 | D:8      | HP: 2/56 [death yak (3)]
  6074 | D:8      | Killed a death yak
  6235 | D:9      | Reached skill level 13 in Axes
  6247 | D:9      | Reached skill level 5 in Fighting
  6360 | D:9      | Noticed a two-headed ogre
  6384 | D:9      | Killed a two-headed ogre
  6407 | D:9      | Reached skill level 5 in Armour
  6477 | D:9      | Noticed a two-headed ogre
  6489 | D:9      | Killed a two-headed ogre
  6489 | D:9      | Reached XP level 11. HP: 46/64 MP: 8/11
  6676 | D:8      | Killed a death yak
  6676 | D:8      | Reached skill level 5 in Shields
  6730 | D:8      | Killed a death yak
  6811 | D:8      | Killed a death yak
  6819 | D:8      | Killed a death yak
  6941 | D:9      | Found Tuce's Armour Shoppe.
  7180 | D:9      | Noticed Erica
  7188 | D:9      | Killed Erica
  7207 | D:9      | Found a staircase to the Orcish Mines.
  7363 | D:9      | Found a blossoming altar of Fedhas.
  7435 | Lair:1   | Entered Level 1 of the Lair of Beasts
  7530 | Lair:1   | Noticed Joseph
  7539 | Lair:1   | Killed Joseph
  7590 | Lair:1   | Found a labyrinth entrance.
  7599 | Lab      | Entered a labyrinth
  8136 | Lab      | Noticed a minotaur
  8153 | Lab      | Killed a minotaur
  8163 | Lab      | Found the +0 sword of Power
  8197 | Lair:1   | Reached XP level 12. HP: 33/73 MP: 7/12
  8767 | Lair:1   | Received a gift from Trog
  8838 | D:9      | Bought a +2 pair of boots of running for 581 gold pieces
  9457 | Lair:2   | Reached skill level 14 in Axes
  9547 | Lair:2   | Found a staircase to the Shoals.
  9633 | Lair:2   | Noticed a five-headed hydra
  9674 | Lair:2   | Killed a five-headed hydra
  9690 | Lair:2   | Noticed an eight-headed hydra
  9758 | Lair:2   | Noticed a fire giant
  9758 | Lair:2   | an eight-headed hydra changed into a fire giant
  9765 | Lair:2   | Killed from afar by a fire giant

Vault maps used:
D:1:      scummos_arrival_simple_crosswalls, minmay_tall_x
D:2:      nemelex_xobeh_ov_fountains_minmay, grunt_ashenzari_visionary,
          uniq_crazy_yiuf_cottage
D:3:      bh_walls_and_bars
D:4:      eat_drink_and_be_merry_uskayaw, nicolae_ru_great_annihilating_truth,
          grunt_dithmenos_smoke_and_mirrors
D:5:      xom_redecorated, nicolae_qazlal_style_of_elements,
          kennysheep_okawaru_gauntlet, first_ration
D:6:      lemuel_round_altar, overflow_temple_1_default,
          minmay_temple_entry_grid
D:7:      lemuel_crystal_altar, serial_glass, glass_columns_b, glass_columns_a,
          glass_columns_a, grunt_livestock
D:9:      lemuel_coloured_pillars_altar, dpeg_lair_monsters, orc_0_dummy,
          serial_shops, nicolae_shop_behind_doors, minmay_misc_feat_plants,
          uniq_erica
Lair:1:   lab_entry_generic, serial_bayou_shore_b, infiniplex_staircase_pool_2,
          uniq_joseph
Lair:2:   elwin_shoals_entry_stream
Lab:      labyrinth_mini_lab, nicolae_lab_diamond

Skill      XL: |  1  2  3  4  5  6  7  8  9 10 11 12 |
---------------+-------------------------------------+-----
Axes           | 3 4 5 6 7 8 10 12 13 14 | 14.1
Shields        | 4 7 8 |  8.2
Armour         | 5 7 8 |  8.5
Fighting       | 6 7 8 |  8.9
Dodging        | |  1.5

Action                   |  1- 3 |  4- 6 |  7- 9 | 10-12 || total
-------------------------+-------+-------+-------+-------++-------
Melee: Hand axe          |   102 |   186 |       |       ||   288
       War axe           |       |    37 |   340 |   406 ||   783
Throw: Javelin           |       |       |       |     8 ||     8
Invok: Berserk           |       |     2 |     4 |     4 ||    10
       Trog's Hand       |       |       |     1 |     4 ||     5
Evoke: Wand              |       |       |     2 |    43 ||    45
  Use: Scroll            |       |     1 |     6 |     1 ||     8
       Potion            |       |       |     7 |       ||     7
  Eat: Chunk             |       |     8 |    10 |    13 ||    31
       Ration            |       |       |       |     4 ||     4
Armor: Animal skin       |    23 |       |       |       ||    23
       Ring mail         |    24 |    63 |       |       ||    87
       Plate armour      |       |    72 |   248 |   349 ||   669
       Skin              |       |       |     1 |       ||     1
Dodge: Dodged            |    73 |    81 |    93 |   146 ||   393
Block: Buckler           |       |    18 |    32 |    74 ||   124

Table legend:
 A = Spawn XP
 B = Non-spawn XP
 C = Spawn XP percentage of total XP
 D = Spawn monster count
 E = Non-spawn monster count
 F = Spawn count percentage of total count
 G = Total turns spent on level
                    A         B        C        D         E        F      G
               +---------+---------+-------+---------+---------+-------+---------
         Total |       0 |   25823 |   0.0 |       0 |     257 |   0.0 |  9765
               +---------+---------+-------+---------+---------+-------+---------
           D:1 |       0 |      41 |   0.0 |       0 |      24 |   0.0 |   624
           D:2 |       0 |     143 |   0.0 |       0 |      19 |   0.0 |   921
           D:3 |       0 |      65 |   0.0 |       0 |      18 |   0.0 |   688
           D:4 |       0 |     610 |   0.0 |       0 |      29 |   0.0 |  1154
           D:5 |       0 |     438 |   0.0 |       0 |      16 |   0.0 |   767
           D:6 |       0 |    1064 |   0.0 |       0 |      23 |   0.0 |   598
           D:7 |       0 |    1815 |   0.0 |       0 |      26 |   0.0 |   461
           D:8 |       0 |    6239 |   0.0 |       0 |      30 |   0.0 |  1188
           D:9 |       0 |    4595 |   0.0 |       0 |      28 |   0.0 |  1076
        Lair:1 |       0 |    5481 |   0.0 |       0 |      29 |   0.0 |  1360
        Lair:2 |       0 |    4124 |   0.0 |       0 |      14 |   0.0 |   348
           Lab |       0 |    1208 |   0.0 |       0 |       1 |   0.0 |   580
               +---------+---------+-------+---------+---------+-------+---------
